 Dungeon Crawl Stone Soup version 0.21.0 (webtiles) character file.

409 Gaball the Grappler (level 6, 0/50 (51) HPs)
             Began as a Ghoul Monk on Jan 7, 2018.
             Killed by divine providence
             ... invoked by an orc priest
              (10 damage)
             ... on level 4 of the Dungeon.
             The game lasted 00:06:36 (3340 turns).

Gaball the Grappler (Ghoul Monk)                    Turns: 3340, Time: 00:06:37

HP:   0/50 (51)     AC: 11    Str: 17    XL:     6   Next: 89%
MP:   5/5           EV:  5    Int:  5    God:
Gold: 170           SH:  0    Dex: 11    Spells: 5/5 levels left

rFire    . . .     SeeInvis .     - Unarmed
rCold    + . .     Gourm    .   (no shield)
rNeg     + + +     Faith    .   o - +0 plate armour
rPois    ∞         Spirit   .   (no helmet)
rElec    .         Reflect  .   (no cloak)
rCorr    .         Harm     .   r - +0 pair of gloves
MR       .....                  (no boots)
Stlth    ..........             (no amulet)
HPRegen  0.00/turn              (no ring)
MPRegen  0.09/turn              (no ring)

@: rotting, slowed, very slow
A: rotting body, claws 1, carnivore, cold resistance 1, negative energy
resistance 3, inhibited regeneration, torment resistance, unbreathing
a: no special abilities


You were on level 4 of the Dungeon.
You were not hungry.

You visited 1 branch of the dungeon, and saw 4 of its levels.

You collected 170 gold pieces.

Inventory:

Armour
 a - a +0 robe
 j - a +0 ring mail
 o - a +0 plate armour (worn)
 r - a +0 pair of gloves (worn)
Jewellery
 e - an uncursed ring of ice {unknown}
 i - an uncursed amulet of rage {unknown}
Wands
 s - a wand of random effects (32)
Scrolls
 c - 4 scrolls of identify {unknown}
 d - 2 scrolls of immolation {unknown}
 h - a scroll of fog {unknown}
 l - 3 scrolls of remove curse {unknown}
 m - a scroll of amnesia {unknown}
 n - a scroll of magic mapping {unknown}
Potions
 f - a potion of heal wounds
 g - a potion of magic {unknown}
 k - 3 potions of curing {unknown}
 p - a potion of mutation {unknown}
 q - a potion of haste {unknown}
 t - a potion of flight {unknown}
 u - a potion of degeneration {unknown}
Comestibles
 b - 4 rations


   Skills:
 - Level 3.2 Fighting
 - Level 2.6 Dodging
 - Level 2.1 Stealth
 + Level 8.2 Unarmed Combat


You had 5 spell levels left.
You didn't know any spells.

Dungeon Overview and Level Annotations

Branches:
Dungeon (4/15)
 Temple: D:4-7

Altars:
Elyvilon
Zin


Innate Abilities, Weirdness & Mutations

Your body is rotting away.
You thrive on raw meat.
You are immune to poison.
You have sharp fingernails.
You are carnivorous and can eat meat at any time.
Your flesh is cold resistant. (rC+)
You are immune to negative energy. (rN+++)
You do not regenerate when monsters are visible.
You are immune to unholy pain and torment.
You can survive without breathing.


Message History

The leopard gecko bites you but does no damage.
The orc wizard gestures at you while chanting.
You feel yourself slow down.
You hit the orc wizard.
You kill the orc wizard!
The leopard gecko bites you but does no damage.
The leopard gecko bites you.
Things that are here:
a dagger; a robe; a giant cockroach corpse The leopard gecko bites you but does no damage.
The leopard gecko bites you but does no damage.
The leopard gecko bites you but does no damage.
The leopard gecko bites you but does no damage.
The orc priest invokes the aid of Beogh against you.
Beogh smites you!
* * * LOW HITPOINT WARNING * * *
The leopard gecko bites you but does no damage.
The orc priest mumbles some strange prayers to Beogh against something.
Beogh smites you!
You die...

#.# #.# ##### #.#
....#####.# ##.#
..ooo.....# #..#
#.#### ### #.##
#)##.## ##.###.#
#.#...#####o..##.#
#...8..)o...8l@..#
###...#####.o.#..####
##.## ##.##.....## #.#
#.#.....#.## #†#
#.#.†..###.## #.#
#.#...## ##.# ##.##
##.##...###.##
##...#####...#>...#.##
#..8.......8.......##


You could see an orc priest, 2 orcs and a leopard gecko.

Vanquished Creatures
  Sigmund (D:3)
  2 orc wizards (D:4)
  Robin (D:2)
  9 adders
  2 worms
  4 dart slugs
  2 leopard geckos
  5 giant cockroaches
  19 goblins
  6 hobgoblins
  2 jackals (D:1)
  10 kobolds
  A quokka (D:2)
  2 ball pythons (D:1)
  8 bats
  4 frilled lizards
  15 rats
93 creatures vanquished.

Notes
Turn   | Place    | Note
-------+----------+-------------------------------------------
     0 | D:1      | Gaball the Ghoul Monk began the quest for the Orb.
     0 | D:1      | Reached XP level 1. HP: 19/19 MP: 0/0
   152 | D:1      | Reached XP level 2. HP: 23/24 MP: 1/1
   187 | D:1      | Reached skill level 4 in Unarmed Combat
   722 | D:1      | Reached XP level 3. HP: 27/27 MP: 2/2
   991 | D:2      | Reached skill level 5 in Unarmed Combat
  1111 | D:2      | Reached XP level 4. HP: 14/35 MP: 3/3
  1417 | D:2      | Noticed Robin
  1606 | D:2      | Reached skill level 6 in Unarmed Combat
  1669 | D:2      | Killed Robin
  1669 | D:2      | Reached XP level 5. HP: 43/45 MP: 4/4
  1762 | D:2      | Found a glowing silver altar of Zin.
  1762 | D:2      | Found a white marble altar of Elyvilon.
  2530 | D:3      | Noticed Sigmund
  2578 | D:3      | Killed Sigmund
  2578 | D:3      | Reached skill level 7 in Unarmed Combat
  2578 | D:3      | Reached XP level 6. HP: 13/51 MP: 5/5
  3318 | D:4      | Reached skill level 8 in Unarmed Combat
  3340 | D:4      | Killed from afar by an orc priest

Skill      XL: |  1  2  3  4  5  6 |
---------------+-------------------+-----
Unarmed Combat | 4 5 6 7 8 |  8.2
Fighting       | |  3.2
Dodging        | |  2.6
Stealth        | |  2.1

Action                   |  1- 3 |  4- 6 || total
-------------------------+-------+-------++-------
Melee: Unarmed           |   101 |   210 ||   311
       Punch             |     1 |     4 ||     5
  Use: Potion            |       |     1 ||     1
 Stab: Sleeping          |     2 |       ||     2
  Eat: Chunk             |     2 |     9 ||    11
Armor: Robe              |    12 |       ||    12
       Ring mail         |    14 |    12 ||    26
       Plate armour      |       |   102 ||   102
Dodge: Dodged            |    56 |    51 ||   107
